[Event "Late-Titled-Tuesday-Blitz-June-04-2024"]
[Site "Chess.com"]
[Date "2024.06.04"]
[Round "7"]
[White "glucolisis04"]
[Black "janhelmer03"]
[Result "1-0"]
[WhiteElo "2283"]
[BlackElo "2383"]
[TimeControl "180+1"]
[EndTime "15:17:00 PDT"]
[Termination "glucolisis04 won by checkmate"]

1. d4 d5 2. c4 e6 3. Nc3 Nf6 4.
cxd5 exd5 5. Bg5 c6 6. e3 Be7 7. Bd3 h6 8. Bf4 O-O 9. Qc2 Nbd7 10. Nf3 Ne8 11. O-O Ndf6 12. Rab1 Nd6 13. Ne5 Be6 14. b4 a6 15. a4 Nh5 16. Bg3 Nxg3 17. hxg3 Qc8 18.
f4 Bf5 19. a5 Bxd3 20. Qxd3 Qf5 21. Qxf5 Nxf5 22. Kf2 Rfe8 23. Na4 f6 24. Nd3 Bf8 25.
Rfe1 Nd6 26. Nac5 Re7 27. Nb2 Nb5 28. Rbc1 Nd6 29. g4 Rae8 30. Kf3 Ne4 31. Nxe4 Rxe4 32. Nd3 Bd6 33. Nc5 R4e7 34. g3 Kf7 35. f5 Rh8 36. Rh1 g6 37. Rce1 h5 38. fxg6+ Kxg6 39. gxh5+ Rxh5 40. Rxh5 Kxh5 41. e4 dxe4+ 42. Nxe4 Bxb4 43. Nxf6+ Kg6 44. Rxe7 Bxe7 45. Nd7 Bb4 46. Nc5 Bxc5 47. dxc5 Kf5 48. g4+ Ke5 49. Kg3 Kd5 50. g5 Kxc5 51. g6 Kb5 52. g7 Kxa5 53. g8=Q b5 54. Qa2+ Kb4 55. Qb2+ Kc5 56. Qc3+ Kb6 57. Kf4 a5 58. Ke4 b4 59.
Qb3 c5 60. Kd5 Kb5 61. Qc4+ Ka4 62. Qa2+ Kb5 63. Qe2+ Ka4 64. Qd1+ b3 65. Kc4 Ka3 66. Qxb3# 1-0

[Event "Late-Titled-Tuesday-Blitz-June-04-2024"]
[Site "Chess.com"]
[Date "2024.06.04"]
[Round "7"]
[White "CrushingKings"]
[Black "Rodalquilar"]
[Result "0-1"]
[WhiteElo "2614"]
[BlackElo "2788"]
[TimeControl "180+1"]
[EndTime "15:17:02 PDT"]
[Termination "Rodalquilar won by resignation"]

1. Nf3 d5 2. g3 Nf6 3. Bg2 Bf5 4. O-O e6 5. Nh4 Bg4 6. h3 Bh5 7. c4 c6 8. cxd5 exd5 9. d3 Be7 10. Nc3 O-O 11. Nf5 Bc5 12. Qb3 Qb6 13. Qxb6 axb6 14. Be3 Bxe3 15. fxe3 Rd8 16. g4 Bg6 17. e4 dxe4 18.
Nxe4 Nxe4 19. Ne7+ Kf8 20. Nxg6+ hxg6 21. Bxe4 Ke7 22.
Rf3 Nd7 23. Raf1 Ne5 24. Re3 f6 25. a3 g5 26. Kg2 Ra5 27. Bf5 Rd4 28. Kg3 Rc5 29. Rh1 Rc2 30. h4 gxh4+ 31. Rxh4 Rxb2 32. Rh8 Rd8 33. Rh7 Kf7 34. g5 Rb5 35. g6+ Nxg6 36. Be6+ Kf8 37. Bc4 Rg5+ 38. Kf2 Ne5 39. Rh8+ Ke7 40.
Rh4 Kd6 41. Rd4+ Kc7 42. Rxd8 Kxd8 43. Be6 Ng4+ 44. Bxg4 Rxg4 45. Rh3 b5 46. Kf3 Rg5 47. Ke4 Kc7 48. Kd4 Kb6 49. e4 Ka5 50. Rh8 Ka4 51.
Ra8+ Kb3 52. Ra7 c5+ 53. Ke3 b6 54. Ra6 c4 55. dxc4 bxc4 56. Rxb6+ Kc3 57. a4 Rg3+ 58.
Kf2 Rg5 59. Ke3 Ra5 60. Rb7 Rxa4 61. Rxg7 Ra6 62. Rb7 Rd6 63. Rb5 Kc2 64. e5 fxe5 65. Rxe5 c3 66. Rb5 Kc1 67. Ke2 c2 68. Rb4 Rd5 69. Ke1 Re5+ 70. Kf2 Kd2 71. Rd4+ Kc3 72. Rd8 c1=Q 73. Rc8+ Kd2 74. Rxc1 Kxc1 0-1

[Event "Late-Titled-Tuesday-Blitz-June-04-2024"]
[Site "Chess.com"]
[Date "2024.06.04"]
[Round "7"]
[White "FlemingA"]
[Black "teresin05"]
[Result "1-0"]
[WhiteElo "2479"]
[BlackElo "2317"]
[TimeControl "180+1"]
[EndTime "15:17:05 PDT"]
[Termination "FlemingA won by checkmate"]

1. Nf3 d5 2. g3 Nf6 3. Bg2 Bf5 4. O-O e6 5. d3 h6 6. Nc3 c5 7. Ne5 Nc6 8. Nxc6 bxc6 9. e4 Bg6 10. f4 dxe4 11. dxe4 Qd4+ 12. Kh1 Rd8 13. Qe2 Be7 14. Be3 Qb4 15. f5 Bh7 16. fxe6 fxe6 17. e5 Nd5 18. Nxd5 cxd5 19. Qh5+ Kd7 20. c3 Qxb2 21. Bh3 Be4+ 22. Kg1 Rdf8 23. Rac1 g6 24.
Qd1 Qxa2 25. Ra1 Qb2 26. Qa4+ Kd8 27. Qa5+ Qb6 28. Qxb6+ axb6 29. Bxe6 Kc7 30. Ra7+ Kc6 31. Rxe7 Ra8 32. Bf7 Ra2 33. Rf6+ Kb5 34. Be8+ Kc4 35.
Bc6 Rg2+ 36. Kf1 Rb8 37. Rf2 Rxf2+ 38. Kxf2 b5 39. e6 b4 40. cxb4 cxb4 41. Rb7 Rxb7 42. Bxb7 b3 43. Bc1 Bf5 44. e7 Bd7 45. Ke1 Kc3 46. Bxd5 Kc2 47. Ba3 b2 48. Be4+ Kc3 49.
h4 g5 50. h5 Be8 51. Bxb2+ Kxb2 52. g4 Kc3 53. Bg6 Bd7 54. e8=Q Bxe8 55. Bxe8 Kd3 56. Bd7 Ke3 57. Bf5 Kf3 58. Kd2 Kf4 59. Kd3 Ke5 60.
Ke3 Kd5 61. Kd3 Ke5 62. Kc4 Kf6 63. Kd5 Kg7 64. Ke6 Kf8 65. Kf6 Kg8 66. Kg6 Kh8 67. Kxh6 Kg8 68. Kxg5 Kh8 69. h6 Kg8 70. Kh5 Kh8 71. g5 Kg8 72. g6 Kh8 73. g7+ Kg8 74.
Be6+ Kh7 75. g8=Q# 1-0

[Event "Late-Titled-Tuesday-Blitz-June-04-2024"]
[Site "Chess.com"]
[Date "2024.06.04"]
[Round "7"]
[White "duone"]
[Black "GMTalks_Youtube"]
[Result "0-1"]
[WhiteElo "2403"]
[BlackElo "2734"]
[TimeControl "180+1"]
[EndTime "15:17:08 PDT"]
[Termination "GMTalks_Youtube won by checkmate"]

1. Nf3 d5 2. c4 e6 3. g3 Nf6 4. Bg2 Bd6 5. O-O O-O 6. d4 h6 7. Qc2 Nc6 8. b3 a5 9. Nc3 Re8 10.
Bb2 Bd7 11. a3 b6 12. e4 dxe4 13. Nxe4 Nxe4 14. Qxe4 Rb8 15. Rad1 Qe7 16. Rfe1 Bxa3 17. Bxa3 Qxa3 18. Ne5 Nxe5 19. dxe5 Red8 20. Rd3 Be8 21. Red1 Rxd3 22. Qxd3 a4 23. bxa4 Qxd3 24. Rxd3 Bxa4 25.
Ra3 Bc2 26. Ra7 c5 27. Bc6 Rd8 28. Rd7 Rxd7 29. Bxd7 Kf8 30. f4 Ke7 31. Bb5 g5 32.
Kf2 gxf4 33. gxf4 f6 34. Ke3 fxe5 35. fxe5 Kf7 36. Kf4 Bd3 37. Ke3 Bf1 38. Kf2 Bh3 39. Ke3 Kg6 40. Kf4 Kh5 41. Kg3 Bf1 42. h4 Kg6 43. Kf4 Bd3 44. Ke3 Bc2 45. Kf4 Bd1 46. Bd7 Kf7 47. Bb5 Bh5 48. Kg3 Ke7 49. Kf4 Be8 50. Ba6 Bc6 51. Kg4 Kf7 52. Kf4 Be8 53. Kg4 Ke7 54. Kf4 Kd8 55. Kg4 Kc7 56. Kf4 Kb8 57.
Kg4 Ka7 58. Bc8 Bf7 59. Bd7 Ka6 60. Kf4 Ka5 61. Bb5 Kb4 62. Ke4 Kc3 63. Kf4 Bg6 64. Bd7 Bf5 65. Bb5 Bd3 66. Kg4 Bxc4 67. Bd7 Be2+ 68.
Kf4 Bc4 69. Kg4 b5 70. Kh5 b4 71. Ba4 Bb3 72. Bb5 Bc2 73. Kxh6 b3 74. Kg7 b2 75. h5 b1=Q 76. h6 Qg1+ 77. Kf8 Qg6 78. Bd7 Qxh6+ 79. Ke7 Bf5 80. Kd6 c4 81. Bxe6 Qxe6+ 82. Kc5 Qxe5+ 83. Kb6 Qd6+ 84. Kb7 Kb4 85. Ka8 Qd7 86.
Kb8 Kb5 87. Ka8 Kb6 88. Kb8 Qb7# 0-1

[Event "Late-Titled-Tuesday-Blitz-June-04-2024"]
[Site "Chess.com"]
[Date "2024.06.04"]
[Round "7"]
[White "sari07"]
[Black "Love7Unicorn"]
[Result "0-1"]
[WhiteElo "2396"]
[BlackElo "2557"]
[TimeControl "180+1"]
[EndTime "15:17:10 PDT"]
[Termination "Love7Unicorn won by checkmate"]

1. d4 Nf6 2. c4 e6 3. Nf3 b6 4. e3 Bb7 5. Bd3 Bb4+ 6. Bd2 c5 7. Bxb4 cxb4 8. Nbd2 O-O 9. O-O d6 10. a3 bxa3 11. Rxa3 a5 12. e4 Nfd7 13. e5 dxe5 14. Nxe5 Nf6 15. Ndf3 Nc6 16. Re1 Qd6 17. Ng5 h6 18.
Ne4 Nxe4 19. Bxe4 Rad8 20. Bxc6 Bxc6 21. Rg3 f5 22. Qh5 Rf6 23. Rg6 Be8 24. Rd1 Bxg6 25. Nxg6 Kh7 26. Ne5 g6 27. Qf3 Rff8 28. h4 Rg8 29. g3 Rg7 30. Qe3 Rc7 31. Qf3 Qe7 32.
b3 Qf6 33. h5 gxh5 34. Qxh5 Rg7 35. Qf3 Rdg8 36. Re1 Qd8 37. Nc6 Qd6 38. Re5 Rc7 39. d5 Rxc6 40. Rxe6 Qxe6 41. dxe6 Rxe6 42. Qb7+ Rg7 43. Qd5 Rf6 44. Qe5 Kg6 45. Qf4 Rgf7 46.
Qe5 Kg7 47. f4 Kg8 48. Kg2 Rf8 49. Qd5+ Kh7 50. Kf3 Kg6 51. Qe5 Rd8 52. Qe7 Rdd6 53. Qe8+ Kg7 54. Qe7+ Kg8 55. Qe8+ Kh7 56. Qb8 Rd3+ 57. Kf2 Rd7 58. Qc8 Re7 59. Qd8 Rfe6 60. Qf8 Kg6 61. Qg8+ Kf6 62. Qf8+ Kg6 63. Qg8+ Kh5 64.
Kf1 Re1+ 65. Kf2 R7e2+ 66. Kf3 Re3+ 67. Kf2 R1e2+ 68. Kf1 Re7 69. Qf8 Kg4 70. Qxh6 Re1+ 71. Kg2 R7e2# 0-1

[Event "Late-Titled-Tuesday-Blitz-June-04-2024"]
[Site "Chess.com"]
[Date "2024.06.04"]
[Round "7"]
[White "crazy_but_lazy"]
[Black "bubeliang"]
[Result "1-0"]
[WhiteElo "2668"]
[BlackElo "2847"]
[TimeControl "180+1"]
[EndTime "15:17:14 PDT"]
[Termination "crazy_but_lazy won by resignation"]

1. e4 c6 2. d4 d5 3. e5 c5 4. Nf3 Bg4 5. dxc5 Nc6 6. c3 e6 7.
Be3 a6 8. Be2 Bxf3 9. Bxf3 Nxe5 10. Be2 Nf6 11. O-O Be7 12. b4 O-O 13. Nd2 Nc6 14. f4 d4 15. cxd4 Nxb4 16. Bf3 Nfd5 17. Bf2 Bf6 18. Ne4 Nc6 19. Rb1 Qd7 20. Qd2 Rfd8 21.
Rfd1 Be7 22. Kh1 Nf6 23. Nxf6+ Bxf6 24. d5 exd5 25. Qxd5 Qc7 26. Qc4 h6 27. g3 Rac8 28. Kg2 Be7 29. Rxd8+ Nxd8 30. Qb3 Bxc5 31. Rc1 b6 32.
Bxc5 bxc5 33. Bd5 Qd7 34. h4 Ne6 35. Bxe6 Qxe6 36. Qxe6 fxe6 37. Rc4 Kf7 38. Kf3 Ke7 39. Ke4 Kd6 40. g4 Rb8 41. a3 Rb6 42. h5 Rc6 43.
g5 Rc8 44. Rc3 c4 45. Kd4 e5+ 46. fxe5+ Ke6 47. gxh6 gxh6 48. Rxc4 Rg8 49. Rc6+ Kf5 50. Rxh6 Rg4+ 51. Kd5 Ra4 52. Rf6+ Kg5 53. Rf1 Rxa3 54.
e6 Re3 55. Kd6 Kxh5 56. e7 Kg6 57. Kd7 Rd3+ 58. Ke8 Kg7 59. Rg1+ Kh7 60. Ra1 Kg7 61. Rxa6 Rd4 62. Ra1 Rd2 63. Rg1+ Kh7 64. Rg4 Kh6 65.
Kf7 Rf2+ 66. Ke6 Re2+ 67. Kf6 Kh5 68. Rg5+ Kh6 69. Re5 Rf2+ 70. Ke6 Kg7 71. e8=Q Rf6+ 72. Kd7 Rg6 73. Re7+ Kh6 74. Re6 Rxe6 75. Qxe6+ Kg5 76.
Qe3+ 1-0

[Event "Late-Titled-Tuesday-Blitz-June-04-2024"]
[Site "Chess.com"]
[Date "2024.06.04"]
[Round "7"]
[White "fly_21"]
[Black "IMRosen"]
[Result "1/2-1/2"]
[WhiteElo "2611"]
[BlackElo "2737"]
[TimeControl "180+1"]
[EndTime "15:17:25 PDT"]
[Termination "Game drawn - insufficient material"]

1. d4 d5 2. c4 e6 3. Nf3 Nf6 4. g3 dxc4 5. Bg2 Bb4+ 6. Bd2 c5 7. Bxb4 cxb4 8. a3 b5 9. Ne5 Nd5 10. a4 O-O 11. axb5 Qb6 12. Nxc4 Qxb5 13. Nbd2 Rd8 14. O-O a5 15. Qa4 Bd7 16. Qxb5 Bxb5 17. Rxa5 Rxa5 18. Nxa5 Bxe2 19. Rc1 Nf6 20. Nb7 Rf8 21. Nc4 Rc8 22. b3 h6 23. Nbd6 Rd8 24. Ra1 Bxc4 25. Nxc4 Rxd4 26.
Ra8 Rd1+ 27. Bf1 Rd8 28. Bg2 Kh7 29. Bf3 Nd5 30. Ne5 Nb6 31. Nxf7 Rf8 32. Ra7 N8d7 33.
Be4+ Kg8 34. Nd6 Nc5 35. Bg6 Nc8 36. Nxc8 Rxc8 37. Kg2 Nxb3 38. Bf7+ Kh8 39. Bxe6 Rc3 40. Bf5 g5 41. Rh7+ Kg8 42. Rxh6 Nd4 43. Be4 Rc5 44.
Rb6 Nb5 45. Bd3 Nc3 46. Rxb4 Nd5 47. Bc4 Kg7 48. Bxd5 Rxd5 49. h4 gxh4 50. Rxh4 Kg6 51. f4 Rd1 52. Rg4+ Kf6 53. Rg5 Rd3 54. Kh3 Ra3 55.
Kg4 Ra6 56. Rh5 Kg6 57. f5+ Kg7 58. Kg5 Ra7 59. g4 Rb7 60. Rh6 Ra7 61. Re6 Kf7 62.
Rd6 Rb7 63. Rh6 Kg7 64. Re6 Kf7 65. Re1 Rb2 66. Rh1 Kg7 67. f6+ Kg8 68. Kg6 Rb7 69. Rc1 Rg7+ 70. Kf5 Ra7 71. g5 Kh7 72. Re1 Ra5+ 73.
Kg4 Kg6 74. Rf1 Rxg5+ 75. Kh4 Rh5+ 76. Kg4 Rh8 77. f7 Rf8 78. Kh4 Rxf7 79. Rxf7 Kxf7 1/2-1/2

[Event "Late-Titled-Tuesday-Blitz-June-04-2024"]
[Site "Chess.com"]
[Date "2024.06.04"]
[Round "7"]
[White "EDaMatta"]
[Black "urano56"]
[Result "1-0"]
[WhiteElo "2311"]
[BlackElo "2430"]
[TimeControl "180+1"]
[EndTime "15:17:26 PDT"]
[Termination "EDaMatta won by resignation"]

1. d4 d5 2. c4 e6 3. Nc3 c6 4. e3 Nf6 5. Nf3 Nbd7 6. Qc2 Bd6 7.
b3 O-O 8. Be2 Qe7 9. O-O e5 10.
cxd5 cxd5 11. dxe5 Nxe5 12. Nb5 Bb8 13. Bb2 Nc6 14. Qd2 Rd8 15. Nbd4 Ne4 16. Qc2 Bd7 17. Rac1 Qd6 18. Rfd1 Qh6 19. g3 Bd6 20. Nh4 Ne7 21. Nb5 Rac8 22. Qd3 Be6 23. Rxc8 Rxc8 24. Nxa7 Ra8 25. Bd4 g5 26. Nf3 Nf5 27. Nb5 g4 28.
Nxd6 Nfxd6 29. Ne5 Qg5 30. Ba1 Qf5 31. Rf1 Rxa2 32.
Qd4 f6 33. Nd3 Rd2 34. Bc3 Rxe2 35. Bb4 Rc2 36. Nf4 Qe5 37. Qa7 Qf5 38. Qa8+ Kf7 39.
Bxd6 Qe5 40. Bxe5 fxe5 41. Qxb7+ Bd7 42. Qb4 Be6 43. Nxd5 Bxd5 44. Qb6 Be6 45. Qa7+ Kg6 46. Qa4 Ng5 47. b4 Bf5 48. Qxc2 Bxc2 49. Rc1 Bd3 50. Rc6+ Kf5 51. Rc5 Nf3+ 52. Kg2 Ke4 53. h3 gxh3+ 54. Kxh3 Bf1+ 55. Kg4 Be2 56. Kh5 Nd4+ 57. Kh6 Nf3 58. Kxh7 Ne1 59. b5 Nd3 60. Rc6 Nxf2 61. b6 Kd5 62. Rh6 Ne4 63. b7 Ng5+ 64. Kg6 Ne6 65. b8=Q Bd3+ 66. Kf7 Ng5+ 67. Kf6 Ne4+ 68. Kg7 Nc5 69.
Qd6+ Kc4 70. Qxe5 Kb3 71. Qxc5 Bc4 72. Qd4 Kc2 73. e4 Bd3 74. Qxd3+ Kxd3 75. e5 Ke4 76. e6 1-0

[Event "Late-Titled-Tuesday-Blitz-June-04-2024"]
[Site "Chess.com"]
[Date "2024.06.04"]
[Round "7"]
[White "dasatcu90"]
[Black "dosto07"]
[Result "1/2-1/2"]
[WhiteElo "2267"]
[BlackElo "2508"]
[TimeControl "180+1"]
[EndTime "15:17:34 PDT"]
[Termination "Game drawn by repetition"]

1. d4 d5 2. Nf3 Nf6 3. g3 c6 4. Bg2 Bf5 5. O-O h6 6. c4 e6 7. Nc3 Nbd7 8. cxd5 exd5 9. Ne5 Bd6 10. Bf4 Qe7 11.
Qd2 O-O 12. Nxd7 Qxd7 13. Bxd6 Qxd6 14. a3 a5 15. Rac1 Rfe8 16. e3 h5 17. h4 Qe6 18.
Ne2 Ne4 19. Qe1 Qd7 20. Nf4 g6 21. Kh2 a4 22. Bxe4 Bxe4 23. Qd2 f6 24. Nd3 Qg4 25.
Rfd1 Qf3 26. Rg1 Kh7 27. Ne1 Qg4 28. Qd1 Qe6 29. Rc3 Ra6 30. f3 Bf5 31. Ng2 Rb6 32. Qd2 Qd6 33. Nf4 Rb5 34. Re1 Bd7 35. Kg2 b6 36. Qc2 Bf5 37. Qxa4 Rxb2+ 38. Re2 Rxe2+ 39. Nxe2 Qd7 40. Qxc6 Qxc6 41. Rxc6 Rxe3 42. Nf4 Rxa3 43. Rxb6 Ra2+ 44. Kf1 Rd2 45. Nxd5 Rxd4 46. Nxf6+ Kg7 47. Ne8+ Kf8 48. Nc7 Rd2 49. Ne6+ Ke7 50. Nf4 Kf7 51. Rb7+ Kf6 52. Rb6+ Kf7 53. Ke1 Rh2 54. Rb7+ Kf6 55. Rb6+ Kf7 56. Kf1 Rc2 57. Ke1 Kg7 58. Ne6+ Bxe6 59.
Rxe6 Rg2 60. Kf1 Rxg3 61. Kf2 Rh3 62. Re4 Rh2+ 63. Kg3 Rc2 64. Ra4 Kh6 65. Ra6 Rc1 66.
Kg2 Rc2+ 67. Kg3 Rc4 68. Kh3 Rf4 69. Kg3 Rf7 70. Kg2 Kg7 71. Kg3 Rf5 72. Ra7+ Kh6 73. Ra6 Rb5 74. Kg2 Rb4 75. Kg3 Rc4 76. Rb6 Rd4 77. Ra6 Rb4 78. Rc6 Rb1 79. Ra6 Rg1+ 80. Kh2 Rf1 81. Kg2 Rd1 82. Kg3 Rd2 83. Rb6 Rd1 84. Ra6 Rg1+ 85. Kf2 Rh1 86. Kg3 Rg1+ 1/2-1/2

[Event "Late-Titled-Tuesday-Blitz-June-04-2024"]
[Site "Chess.com"]
[Date "2024.06.04"]
[Round "7"]
[White "Kielinkei"]
[Black "annasargsyan_m"]
[Result "1/2-1/2"]
[WhiteElo "2452"]
[BlackElo "2588"]
[TimeControl "180+1"]
[EndTime "15:17:41 PDT"]
[Termination "Game drawn by repetition"]

1. c4 c6 2. d4 d5 3. Nf3 Nf6 4.
e3 e6 5. Nc3 Nbd7 6. Bd3 dxc4 7.
Bxc4 b5 8. Bd3 Bd6 9. O-O O-O 10.
b3 e5 11. Bb2 Qe7 12. dxe5 Nxe5 13. Be2 Rd8 14. Qc2 Bg4 15. Nd4 Bxe2 16. Qxe2 Neg4 17.
g3 Qe5 18. Nf3 Qh5 19. Kg2 Re8 20. h3 Nh6 21. Nd4 Qg6 22. Qf3 b4 23. Nce2 c5 24. Nb5 Nf5 25. Kh2 Nh4 26. Qh1 Be5 27. Bxe5 Rxe5 28. Qxa8+ Re8 29. Qh1 Qd3 30. Nf4 Qxb5 31. gxh4 c4 32. bxc4 Qxc4 33. Rac1 Qxa2 34. Ra1 Qc2 35.
Rxa7 b3 36. Qb7 Rf8 37. Ra8 g6 38. Rxf8+ Kxf8 39. Ra1 Qxf2+ 40. Ng2 b2 41. Ra8+ Kg7 42. Rb8 Qd2 43. Qxb2 Qd6+ 44. Kh1 Qd1+ 45. Kh2 Qd6+ 46. Nf4 h6 47. Rb6 Qd8 48. Nd5 Qxd5 49. Qxf6+ Kh7 50.
Rb2 h5 51. Rf2 Kg8 52. Qf4 Qe6 53. Qf3 Kg7 54. Qg3 Kg8 55. Qg2 Qxe3 56. Qf3 Qe5+ 57.
Qf4 Qe6 58. Rg2 Kg7 59. Qg3 Kh7 60. Qc7 Kg7 61. Rf2 Kg8 62. Qg3 Kg7 63. Kg2 Qe4+ 64. Qf3 Qe6 65. Qf4 Qd5+ 66. Rf3 Qa2+ 67. Kg3 Qe6 68.
Qd4+ Kg8 69. Qe3 Qd6+ 70. Rf4 Qd5 71. Re4 Qd6+ 72. Kg2 Qd5 73. Kh2 Qd6+ 74. Qf4 Qd5 75. Qf3 Qd6+ 76. Qg3 Qd5 77. Qe3 Qd6+ 78. Kg1 Qf6 79. Qh6 Qb6+ 80. Kg2 Qc6 81. Qe3 f5 82. Qb3+ Kg7 83. Qb2+ Kh7 84. Qe5 Qxe4+ 85. Qxe4 fxe4 86. Kf2 Kg7 87. Ke3 Kf6 88. Kxe4 Ke6 89. Kf4 Kf6 90. Ke4 Ke6 91. Kf4 Kf6 92. Ke4 1/2-1/2

[Event "Late-Titled-Tuesday-Blitz-June-04-2024"]
[Site "Chess.com"]
[Date "2024.06.04"]
[Round "7"]
[White "Abund"]
[Black "Szparu"]
[Result "0-1"]
[WhiteElo "2807"]
[BlackElo "2980"]
[TimeControl "180+1"]
[EndTime "15:17:48 PDT"]
[Termination "Szparu won by resignation"]

1. e4 c5 2. Nf3 a6 3. c3 e6 4. d4 d5 5. e5 Bd7 6. Be2 cxd4 7.
cxd4 Bb5 8. Nc3 Bxe2 9. Nxe2 Nc6 10. O-O Rc8 11. Ng3 Nge7 12. Bg5 h6 13. Bxe7 Bxe7 14. Qb3 Na5 15. Qd3 Qb6 16. Rfc1 O-O 17. Qe2 Qb5 18. Qxb5 axb5 19. Ne2 Nc4 20. Rc2 Nxe5 21. Ne1 Rxc2 22. Nxc2 Nd3 23. Rd1 Rc8 24. Ne3 Nxb2 25. Rb1 Ba3 26.
g3 b4 27. Kg2 Rc6 28. h4 Na4 29. Rb3 b6 30. Kf1 Kf8 31. Ke1 Ke7 32. Kd2 Kd6 33.
Nc2 Nb2 34. Nxb4 Nc4+ 35. Kd3 Bxb4 36. Rxb4 Rc8 37. Nc3 Ra8 38. a4 g5 39. hxg5 hxg5 40. Rb1 Rh8 41. Ke2 f5 42. Nb5+ Kc6 43. Nc3 g4 44. Re1 Rh2 45. Rb1 Nd6 46. Ke3 Nc4+ 47.
Ke2 e5 48. dxe5 Nxe5 49. Rd1 Nf3 50. Nxd5 Rh7 51. Ne3 Re7 52. Rc1+ Kd6 53. Kf1 Rf7 54.
Rc2 Ke5 55. Rb2 Rh7 56. Rb5+ Ke4 57. Ke2 Nd4+ 58. Kd2 Nxb5 59. axb5 Rc7 60. Ke2 Rc5 61. Kd2 Rxb5 62. Nc4 Kf3 63. Ke1 Rb1+ 64. Kd2 Kxf2 65. Nd6 Kxg3 66. Nxf5+ Kf2 67. Ne3 g3 68. Ng4+ Kg1 69.
Kc2 Ra1 70. Kb2 Re1 71. Kc2 g2 72. Kd2 Re4 73. Nf6 Re6 74. Nh5 Kf2 75. Nf4 Rd6+ 76. Kc3 g1=Q 77. Nh3+ Kg2 78. Nxg1 Kxg1 79. Kc4 Kf2 80.
Kb5 Kf3 81. Ka6 Ke4 82. Kb7 Kd5 83. Kc7 Kc5 84. Kb7 b5 85. Ka7 b4 86. Ka8 b3 0-1

[Event "Late-Titled-Tuesday-Blitz-June-04-2024"]
[Site "Chess.com"]
[Date "2024.06.04"]
[Round "7"]
[White "Onischuk_V"]
[Black "snowlord"]
[Result "1/2-1/2"]
[WhiteElo "2859"]
[BlackElo "2927"]
[TimeControl "180+1"]
[EndTime "15:17:58 PDT"]
[Termination "Game drawn - insufficient material"]

1. e4 Nc6 2. Nf3 d6 3. d4 Nf6 4. Nc3 g6 5. h3 Bg7 6. Be3 O-O 7.
Qd2 a6 8. d5 Na7 9. Bh6 c6 10.
O-O-O Qa5 11. Kb1 Nb5 12. Nxb5 Qxd2 13. Bxd2 axb5 14. Bd3 Nd7 15. Rhe1 Nc5 16. Bf1 Na4 17. Bc1 Rd8 18. e5 Bf5 19. dxc6 bxc6 20. Nd4 Bd7 21. e6 fxe6 22. Nxe6 Bxe6 23. Rxe6 Kf7 24. Re3 Nb6 25. g3 Nc4 26. Rf3+ Kg8 27. c3 Bf6 28. h4 h5 29.
Bh3 Kg7 30. Be6 d5 31. Re1 Rdb8 32. a3 Rd8 33. Bf4 Ra4 34. Bc1 d4 35. cxd4 Rxd4 36.
Bxc4 bxc4 37. Rfe3 Rd5 38. Kc2 Kf7 39. Re4 Rb5 40. R1e2 Ke8 41. f3 Kd7 42. g4 hxg4 43. fxg4 Bxh4 44. g5 Bxg5 45. Bxg5 Rxg5 46. Rxe7+ Kd6 47.
R7e6+ Kc5 48. R2e5+ Rxe5 49. Rxe5+ Kd4 50. Rg5 Ra8 51.
Rg4+ Kc5 52. Kc3 Rg8 53. Rg5+ Kb6 54. Kxc4 Rg7 55. b4 Ra7 56. Kb3 Rg7 57. a4 Rf7 58.
a5+ Ka6 59. Rxg6 Kb7 60. Kc4 Rf4+ 61. Kc5 Rf5+ 62. Kc4 Rf4+ 63. Kb3 Rf1 64. Rg5 Rb1+ 65. Kc4 Rc1+ 66. Kd3 Rb1 67. Kc3 Rc1+ 68. Kb2 Rh1 69. Kb3 Rb1+ 70. Ka3 Ra1+ 71. Kb2 Rh1 72. Rg6 Rf1 73.
Rg3 Re1 74. Rc3 Rf1 75. Kb3 Rb1+ 76. Kc4 Rg1 77. Rd3 Rg4+ 78. Rd4 Rg7 79. Kc5 Rg5+ 80. Kd6 Rb5 81. Rc4 Rd5+ 82. Ke6 Rd1 83. Ke5 Rd5+ 84. Ke4 Rd1 85. Rd4 Rc1 86. Ke5 c5 87. Rd7+ Kc8 88.
Rh7 cxb4 89. a6 Kb8 90. Rb7+ Ka8 91. Rxb4 Ka7 92. Kd5 Kxa6 93. Rc4 Rxc4 94. Kxc4 1/2-1/2

[Event "Late-Titled-Tuesday-Blitz-June-04-2024"]
[Site "Chess.com"]
[Date "2024.06.04"]
[Round "7"]
[White "Bond_7_7_7"]
[Black "traviscottofficial"]
[Result "0-1"]
[WhiteElo "2451"]
[BlackElo "2687"]
[TimeControl "180+1"]
[EndTime "15:18:06 PDT"]
[Termination "traviscottofficial won by resignation"]

1. e4 e5 2. Nf3 Nf6 3. Nc3 Nc6 4. a3 a6 5. d4 exd4 6. Nxd4 Bc5 7. Nxc6 dxc6 8.
Qxd8+ Kxd8 9. Bg5 Ke8 10. Bd3 Be6 11. h3 Nd7 12. f4 f6 13. Bh4 Bd6 14. Rf1 Rg8 15.
O-O-O Bxf4+ 16. Rxf4 g5 17. Bxg5 fxg5 18. Rf2 Ne5 19.
Rdf1 Ke7 20. Be2 Raf8 21. Rxf8 Rxf8 22. Rxf8 Kxf8 23. Na4 Nd7 24. Kd2 Ke7 25. Ke3 Kd6 26. b3 c5 27. Nb2 Ne5 28. a4 Nc6 29. Nd3 Nd4 30. Bd1 b6 31. b4 Bd7 32. c3 Ne6 33. e5+ Kd5 34. Kd2 cxb4 35. Nxb4+ Kxe5 36. Nxa6 c5 37. Nb8 Be8 38. Na6 Bc6 39. g3 Ng7 40. Nb8 Be8 41. Bf3 Nf5 42. g4 Nd6 43. Bc6 Nc4+ 44. Kd3 Bf7 45. Bb5 Nd6 46. Nd7+ Kf4 47.
Nxb6 Nb7 48. Bc6 Na5 49. Nd5+ Kg3 50. Ne7 Kxh3 51. Bf3 Kg3 52. Ke3 Nc4+ 53. Ke2 Na5 54. Nf5+ Kf4 55. Nd6 Be6 56. Be4 Bxg4+ 57. Kf2 h5 58. Nb7 Kxe4 59. Nxa5 Bd7 60. Nb7 Kd5 61. a5 Kc6 62. a6 Bc8 63. Nd8+ Kb6 64. Nf7 g4 65.
Nd6 Be6 66. Ne4 c4 67. Nf6 Kxa6 68. Nxh5 Kb5 69. Kg3 Ka4 70. Nf4 Bf5 71. Ne2 Ka3 72.
Nd4 Bd7 73. Kf4 Kb2 74. Ne2 Kc2 75. Ke3 Bc8 76. Kd4 Kd2 77. Nf4 g3 78. Kxc4 Ke3 79.
Ng2+ Kf3 80. Nh4+ Kf2 81. Kd3 Ba6+ 82. c4 Kg1 83. Kc3 Kh2 84. c5 Bb7 85. Kb4 Kh3 86. Nf5 g2 87. Nd4 g1=Q 88. c6 Qxd4+ 89. Kb5 Qd5+ 0-1

[Event "Late-Titled-Tuesday-Blitz-June-04-2024"]
[Site "Chess.com"]
[Date "2024.06.04"]
[Round "7"]
[White "xasid81"]
[Black "EsmeraldasAnderson03"]
[Result "1/2-1/2"]
[WhiteElo "2627"]
[BlackElo "2470"]
[TimeControl "180+1"]
[EndTime "15:18:08 PDT"]
[Termination "Game drawn - insufficient material"]

1. e4 c5 2. Nf3 d6 3. c3 Nf6 4. Bd3 Bg4 5. h3 Bh5 6. O-O Nc6 7. Bc2 e6 8. d3 Be7 9. Re1 O-O 10. Nbd2 Rc8 11.
Nf1 b5 12. Ng3 Bg6 13. Bf4 b4 14. Qd2 bxc3 15. bxc3 Qa5 16. Bb3 Rfd8 17. Red1 d5 18. e5 Nh5 19. Nxh5 Bxh5 20. g4 Bg6 21. d4 cxd4 22. cxd4 Qxd2 23. Bxd2 Be4 24. Ng5 Nxd4 25. Nxe4 Nxb3 26. axb3 dxe4 27. Be3 Rxd1+ 28. Rxd1 a5 29. Rd7 Bb4 30. Rd4 h6 31. Rxe4 Rc3 32. Rd4 Rxb3 33. Rd8+ Kh7 34. Rd7 a4 35. Rxf7 a3 36. Ra7 Bc3 37.
Bc5 Bb2 38. Kg2 Bxe5 39. Bxa3 Bd4 40. Ra4 e5 41. f4 exf4 42. Rxd4 f3+ 43. Kf2 Rxa3 44. h4 Kg6 45. Rd6+ Kf7 46. h5 Ke7 47. Rg6 Kf7 48. Rb6 Rc3 49. Rd6 Rb3 50. Kg3 Ra3 51. Rd4 f2+ 52. Kxf2 Kf6 53. Rd6+ Kf7 54. Kg2 Ke7 55.
Rd4 Kf6 56. Rd6+ Kf7 57. Rb6 Rc3 58. Rb5 Kf6 59. Rf5+ Ke6 60. Rf4 Ra3 61. Kf2 Rb3 62. Rf8 Ke7 63. Rf3 Rb2+ 64. Kg3 Ke6 65. Ra3 Kf6 66. Ra6+ Kf7 67. Ra4 Rb1 68. Kf3 Rf1+ 69. Kg2 Rf6 70. Kg3 Re6 71. Rf4+ Ke7 72. Kf3 Ra6 73.
Rb4 Rf6+ 74. Ke4 Re6+ 75. Kd5 Re1 76. Rb7+ Kf6 77. Rb6+ Kf7 78. Rb4 Kf6 79. Rb6+ Kf7 80. Rc6 Re2 81. Rc4 Re3 82. Rf4+ Ke7 83. Kd4 Re1 84.
Kd3 Ke6 85. Rf8 Re5 86. Kd4 Rg5 87. Rf4 Ke7 88. Ke4 Ke6 89. Kf3 Ke7 90. Rf5 Ke6 91.
Rxg5 hxg5 92. Ke4 Kf6 93. Kd5 g6 94. h6 Kf7 95. Kd6 Kg8 96. Ke6 Kh7 97. Kf7 Kxh6 98.
Kf6 Kh7 99. Kf7 Kh6 100. Kf6 Kh7 101. Kxg5 Kg7 102. Kf4 Kf6 103. Ke4 Kg5 104. Kf3 Kh4 105. Kf4 Kh3 106. Kg5 Kg3 107. Kf6 Kxg4 108. Kxg6 1/2-1/2

[Event "Late-Titled-Tuesday-Blitz-June-04-2024"]
[Site "Chess.com"]
[Date "2024.06.04"]
[Round "7"]
[White "BogdanDeac"]
[Black "alexrustemov"]
[Result "1-0"]
[WhiteElo "3010"]
[BlackElo "2820"]
[TimeControl "180+1"]
[EndTime "15:18:55 PDT"]
[Termination "BogdanDeac won on time"]

1. d4 d5 2. Bf4 Nf6 3. e3 c5 4.
Nd2 Nc6 5. c3 Bg4 6. Qb3 Qc8 7.
dxc5 e6 8. Qa3 a5 9. Ngf3 Nd7 10. Bd6 Bxd6 11. cxd6 O-O 12. Rc1 Nf6 13. Bb5 Rd8 14.
c4 Bxf3 15. Nxf3 Nb4 16. c5 b6 17. c6 Rxd6 18. O-O Ne8 19. Qa4 Nc7 20. a3 Nba6 21.
Bxa6 Qxa6 22. Qf4 Rad8 23. Ne5 f6 24. Nd7 e5 25. Qg4 b5 26. Rc2 Rxc6 27. Nxf6+ Rxf6 28.
Rxc7 Rg6 29. Qh4 Qf6 30. Qxf6 Rxf6 31. Rc5 d4 32. exd4 exd4 33. Rxb5 a4 34. Rd1 d3 35.
Kf1 d2 36. Re5 Rb6 37. Re4 Rxb2 38. Rxa4 Rd7 39. Ra5 Ra2 40. h4 h6 41. h5 Kf7 42. g3 Kf6 43. a4 Re7 44. Rd5 Re1+ 45. Rxe1 dxe1=Q+ 46. Kxe1 Rxa4 47. f3 Ra2 48. g4 Rh2 49. Rd2 Rh1+ 50. Kf2 Ra1 51. Rd6+ Kf7 52. f4 Ra3 53. Rd4 Kf6 54. Rd6+ Kf7 55. Rb6 Ke7 56. Rb5 Kf7 57. Rf5+ Ke6 58. Re5+ Kf6 59. Re3 Ra1 60. Rb3 Ra2+ 61. Kf3 Ra1 62. Rb6+ Kf7 63. Rd6 Ra4 64. Ke3 Ra3+ 65. Ke4 Ra4+ 66. Ke5 Ra5+ 67. Rd5 Ra6 68. Rd7+ Kf8 69. Rd6 Ra1 70. Kf5 Kf7 71. Rd7+ Kg8 72. Re7 Ra6 73. Re6 Ra4 74. Re4 Ra6 75. Re6 Ra4 76. g5 hxg5 77. fxg5 Kh7 78. Re7 Ra5+ 79. Kf4 Ra4+ 80. Re4 Ra1 81.
Re7 Kg8 82. Re5 Rh1 83. Kg4 Rg1+ 84. Kf5 Kf7 85. g6+ Kf8 86. Rc5 Rf1+ 87. Ke6 Re1+ 88. Kd6 Rd1+ 89. Rd5 Rh1 90. Rf5+ Kg8 91. Ra5 Rd1+ 92.
Ke6 Re1+ 93. Kf5 Rf1+ 94. Kg4 Rg1+ 95. Kf3 Kf8 96. Re5 Rf1+ 97. Kg2 Ra1 98. Rb5 Ra3 99. Rf5+ Kg8 100. Re5 Kf8 101. Kf2 Rb3 102. Rf5+ Kg8 103. Ra5 Kf8 104. Re5 Ra3 105. Ke2 Rb3 106. Rf5+ Kg8 107. Kf2 Ra3 108. Kg2 Rb3 109. Rf3 Rb5 110. Rh3 Kf8 111. Rf3+ Ke7 112. h6 1-0